 Dungeon Crawl Stone Soup version 0.29.1-15-g9cfb28693d (webtiles) character file.

Game seed: 8807709321934665110

39 booth the Sneak (level 3, 0/24 HPs)
             Began as a Spriggan Enchanter on Mar 2, 2023.
             Succumbed to an adder's poison
             ... on level 2 of the Dungeon.
             The game lasted 00:11:58 (1732 turns).

booth the Sneak (Spriggan Enchanter)                Turns: 1732, Time: 00:11:59

Health: 0/24       AC: 21    Str:  6    XL:     3   Next: 26%
Magic:  8/8        EV:  4    Int: 16    God:
Gold:   26         SH:  0    Dex: 15    Spells: 6/8 levels left

rFire   . . .      SeeInvis +   a - +1 dagger
rCold   . . .      Faith    .   (no shield)
rNeg    . . .      Spirit   .   (body armour currently unavailable)
rPois   +          Reflect  .   (helmet currently unavailable)
rElec   .          Harm     .   (cloak currently unavailable)
rCorr   .          Rampage  .   (gloves unavailable)
Will    .....      NoTele   +   (boots unavailable)
Stlth   +++.......              (no amulet)
HPRegen 0.08/turn               (no ring)
MPRegen 0.11/turn               (no ring)

@: lethally poisoned (0 -> -2), tree-form
A: stationary, stasis, torment immunity, boosted hp, very small, no large
weapons, unfitting armour, see invisible, (speed 3)
a: no special abilities


You were on level 2 of the Dungeon.
You were a tree.
You visited 1 branch of the dungeon, and saw 2 of its levels.

You collected 26 gold pieces.

Inventory:

Hand Weapons
 a - a +1 dagger (weapon)
 h - a +0 short sword
 i - a +0 mace
Missiles
 f - 15 stones (quivered)
 j - a throwing net
Armour
 b - a +0 robe (melded)
Potions
 c - a potion of invisibility
 e - a potion of cancellation {unknown}
 g - a potion of heal wounds {unknown}


   Skills:
 * Level 2.0 Short Blades
 + Level 3.0 Dodging
 + Level 4.8 Stealth
 + Level 3.1 Spellcasting
 * Level 4.2 Hexes


You had 6 spell levels left.
You knew the following spells:

 Your Spells              Type           Power      Damage    Failure   Level
a - Ensorcelled Hibernat  Hex/Ice        18%        N/A       12%         2

Your spell library contained the following spells:

 Spells                   Type           Power      Damage    Failure   Level
 Confusing Touch          Hex            15%        N/A       10%         3
 Tukima's Dance           Hex            15%        N/A       10%         3
 Dazzling Flash           Conj/Hex       18%        N/A       24%         3


Dungeon Overview and Level Annotations

Branches:
Dungeon (2/15)

Altars:


Innate Abilities, Weirdness & Mutations

You are a tree.
Your roots penetrate the ground, keeping you stationary.
You cannot be teleported.
You are immune to unholy pain and torment.
Your maximum health is greatly increased.
Your equipment is partially melded.
You are very small and have problems with some larger weapons.
You are too small for most types of armour.
You have supernaturally acute eyesight. (SInv)
((You cover ground extremely quickly. (Speed+++)))


Message History

You hit the adder.
The adder is lightly wounded.
The adder barely misses you.
You closely miss the adder.
The adder is lightly wounded.
The adder bites you but does no damage.
You barely miss the adder.
The adder is lightly wounded.
The adder bites you.
You hit the adder.
The adder is heavily wounded.
The adder bites you but does no damage. The adder misses you.
You closely miss the adder.
The adder is heavily wounded.
The adder barely misses you.
You hit the adder but do no damage.
The adder is heavily wounded.
The adder misses you.
You hit the adder.
The adder is severely wounded.
The adder bites you.
You are poisoned.
The adder poisons you!
You miss the adder.
The adder is severely wounded.
You feel sick. The adder bites you.
You hit the adder.
You kill the adder!
You feel sick.
You hit the endoplasm but do no damage.
You feel sick. The endoplasm misses you.
You hit the endoplasm.
The endoplasm is heavily wounded.
You feel sick. The endoplasm freezes you.
You are frozen.
* * * LOW HITPOINT WARNING * * *
It was a potion of lignification.
You turn into a tree.
Your +0 robe melds into your body.
Your roots penetrate the ground.
You die...

......# ###... .. ......###
...... ... ........## #.#..#
#... ......#..###....# #.....
.....<##......#
########...... ......#...#..#
#.............
........#...### #............
....S.....#...###>...........
..).=.g.......gJ♣........##..
........#########........# #
........# #........#
....##### #<.......# ....#
########## #####


You could see an endoplasm and a hobgoblin.

Vanquished Creatures
  An adder (D:2)
  A dart slug (D:1)
  2 bats (D:1)
  An endoplasm (D:1)
  3 hobgoblins
  4 jackals (D:2)
  A quokka (D:1)
  4 ball pythons
  2 goblins (D:1)
  5 kobolds (D:1)
  4 rats
28 creatures vanquished.

Notes
Turn   | Place    | Note
-------+----------+-------------------------------------------
     0 | D:1      | booth the Spriggan Enchanter began the quest for the Orb.
     0 | D:1      | Reached XP level 1. HP: 9/9 MP: 5/5
   166 | D:1      | Found a faded altar of an unknown god.
   279 | D:1      | Reached XP level 2. HP: 10/13 MP: 6/6
   355 | D:1      | Learned a level 2 spell: Ensorcelled Hibernation
  1494 | D:2      | Reached XP level 3. HP: 10/16 MP: 8/8
  1732 | D:2      | Succumbed to an adder's poison

Illustrated notes

Levels and vault maps discovered:
D:1:      sevenhm_arrival_forest_fort_large_2, layout_loops_ring,
          hellmonk_ecumenical_altar_arch_garden, amcnicky_mini_pool_small,
          hangedman_decor_slide_cut, kennysheep_another_room
D:2:      layout_rooms

Skill      XL: |  1  2 |
---------------+-------+-----
Hexes          | 4 |  4.2
Dodging        | 3 |  3.0
Short Blades   | 2 |  2.0
Spellcasting   | 3 |  3.1
Stealth        | |  4.8

Action                   || total
-------------------------++-------
Melee: Dagger            ||   113
       Punch             ||     1
Throw: Stone             ||     5
 Cast: Ensorcelled Hiber ||     1
  Use: Scroll            ||     3
       Potion            ||     2
 Stab: Sleeping          ||     8
Armor: Robe              ||    15
Dodge: Dodged            ||    72
